 Dungeon Crawl Stone Soup version 0.29-a0-422-gafbd6decc1 (webtiles) character file.

Game seed: 15003933107071888098

100 xian the Conjurer (level 4, -2/24 HPs)
             Began as a Deep Elf Conjurer on May 18, 2022.
             Slain by an orc priest
             ... wielding a +0 trident
              (6 damage)
             ... on level 3 of the Dungeon.
             The game lasted 00:04:29 (2486 turns).

xian the Conjurer (Deep Elf Conjurer)               Turns: 2486, Time: 00:04:29

Health: -2/24      AC:  5    Str:  4    XL:     4   Next: 46%
Magic:  12/12      EV: 12    Int: 25    God:
Gold:   94         SH:  5    Dex: 13    Spells: 7/11 levels left

rFire   . . .      SeeInvis .   (no weapon)
rCold   . . .      Faith    .   (no shield)
rNeg    . . .      Spirit   .   a - +0 robe
rPois   .          Reflect  +   (no helmet)
rElec   .          Harm     .   (no cloak)
rCorr   .          Rampage  .   (no gloves)
Will    .....                   h - +2 pair of boots
Stlth   ++........              o - amulet of reflection
HPRegen 0.08/turn               (no ring)
MPRegen 0.13/turn               (no ring)

@: no status effects
A: no striking features
a: no special abilities


You were on level 3 of the Dungeon.
You visited 1 branch of the dungeon, and saw 3 of its levels.

You collected 94 gold pieces.

Inventory:

Missiles
 l - 2 poisoned darts
Armour
 a - a +0 robe (worn)
 h - a +2 pair of boots (worn)
Jewellery
 o - an amulet of reflection (around neck)
Wands
 q - a wand of paralysis (19)
Scrolls
 c - 2 scrolls of immolation {unknown}
 d - 3 scrolls of fog {unknown}
 g - a scroll of poison {unknown}
 i - 2 scrolls of teleportation {unknown}
 j - 2 scrolls of identify {unknown}
 k - a scroll of enchant weapon {unknown}
Potions
 b - a potion of magic
 e - a potion of flight {unknown}
 f - a potion of invisibility {unknown}
 m - a potion of mutation {unknown}
 n - a potion of heal wounds {unknown}
 p - a potion of ambrosia {unknown}


   Skills:
 + Level 2.9 Dodging
 + Level 2.6 Stealth
 + Level 4.1 Spellcasting
 + Level 5.8 Conjurations


You had 7 spell levels left.
You knew the following spells:

 Your Spells              Type           Power      Damage    Failure   Level
a - Magic Dart            Conj           100%       1d8       1%          1
b - Searing Ray           Conj           68%        2d6       1%          2
c - Animate Skeleton      Necr           10%        N/A       9%          1

Your spell library contained the following spells:

 Spells                   Type           Power      Damage    Failure   Level
 Pain                     Necr           20%        1d5       9%          1
 Dazzling Flash           Conj/Hex       38%        N/A       9%          3
 Ozocubu's Armour         Ice            5%         N/A       26%         3
 Vampiric Draining        Necr           5%         2d6       26%         3
 Fulminant Prism          Conj/Hex       9%         3d7       26%         4
 Iskenderun's Mystic Bla  Conj/Tloc      19%        2d6       26%         4
 Metabolic Englaciation   Hex/Ice        2%         N/A       94%         5
 Simulacrum               Ice/Necr       2%         N/A       100%        6


Dungeon Overview and Level Annotations

Branches:
Dungeon (3/15)

Altars:


Message History

The orc is almost dead.
The magic dart hits the orc.
You kill the orc!
The orc priest looks satisfied for a moment.
A rat comes into view.
The magic dart hits the rat.
You kill the rat!
A goblin comes into view. It is wielding a +0 dagger.
The magic dart hits the orc priest but does no damage.
The magic dart hits the orc priest.
The orc priest is lightly wounded.
The magic dart hits the orc priest.
The orc priest is lightly wounded.
The magic dart hits the orc priest but does no damage.
The orc priest is lightly wounded.
The orc priest hits you from afar with a +0 trident.
The magic dart hits the orc priest.
The orc priest is moderately wounded.
The orc priest looks encouraged for a moment.
The magic dart hits the orc priest.
The orc priest is moderately wounded.
The orc priest hits you but does no damage.
The magic dart hits the orc priest but does no damage.
The orc priest is moderately wounded.
The orc priest mumbles some strange prayers to Beogh against you.
Beogh smites you!
Ouch! That really hurt!
* * * LOW HITPOINT WARNING * * *
You are too injured to fight recklessly!
You are too injured to fight recklessly!
You are too injured to fight recklessly!
You are too injured to fight recklessly!
You are too injured to fight recklessly!
Casting: Magic Dart (safe; 1% risk of failure)
Confirm with . or Enter, or press ? or * to list all spells.
You don't have enough magic to cast this spell.
Okay, then.
Magic courses through your body.
The orc priest hits you from afar with a +0 trident.
You die...

#........#########........#
..###.#.....# #####.##.# .
#..#..#..# #### #.....
....#.#..# ..# ^.. ###...
....#....# ## #.####..#.
........#####..##......##.
†.†.........##...>.######.
...................### #.
.#.......@g....###..<####.
##########o....####......
)....# ##..... .....#
#..... ......# #.....
....... #..... .....##
...... ...... #..... ......


You could see an orc priest and a goblin.

Vanquished Creatures
  Jessica (D:2)
  3 adders
  A dart slug (D:1)
  An orc (D:3)
  6 endoplasms
  5 giant cockroaches
  2 goblins (D:1)
  3 hobgoblins
  3 quokkas
  5 ball pythons
  3 bats
  5 frilled lizards
  A kobold (D:1)
  5 rats
44 creatures vanquished.

Notes
Turn   | Place    | Note
-------+----------+-------------------------------------------
     0 | D:1      | xian the Deep Elf Conjurer began the quest for the Orb.
     0 | D:1      | Reached XP level 1. HP: 10/10 MP: 6/6
   217 | D:1      | Reached XP level 2. HP: 15/15 MP: 2/8
   563 | D:1      | Reached skill level 5 in Conjurations
   976 | D:2      | Reached XP level 3. HP: 19/19 MP: 6/9
  1125 | D:2      | Noticed Jessica
  1127 | D:2      | Killed Jessica
  1450 | D:2      | Reached XP level 4. HP: 24/24 MP: 6/11
  2313 | D:3      | Learned a level 2 spell: Searing Ray
  2319 | D:3      | Learned a level 1 spell: Animate Skeleton
  2486 | D:3      | Slain by an orc priest

Illustrated notes

Levels and vault maps discovered:
D:1:      wander_arrival_lonely_grave, layout_loops_ring
D:2:      layout_basic, uniq_jessica
D:3:      kennysheep_the_goblin_king, layout_rooms,
          hellmonk_ecumenical_altar_leap_of_faith

Skill      XL: |  1  2  3  4 |
---------------+-------------+-----
Conjurations   | 5 |  5.8
Spellcasting   | 4 |  4.1
Dodging        | |  2.9
Stealth        | |  2.6

Action                   |  1- 3 |  4- 6 || total
-------------------------+-------+-------++-------
 Cast: Magic Dart        |    53 |    34 ||    87
       Animate Skeleton  |       |     1 ||     1
  Use: Potion            |       |     1 ||     1
Armor: Robe              |     2 |     1 ||     3
Dodge: Dodged            |       |     1 ||     1

Table legend: (Time is in decaauts)
 A = Elapsed time spent in this place.
 B = Non-inter-level travel time spent in this place.
 C = Inter-level travel time spent in this place.
 D = Time resting spent in this place.
 E = Time spent auto-exploring this place.
 F = Levels seen in this place.
 G = Mean time per level.
                   A        B        C        D        E       F      G
               +--------+--------+--------+--------+--------+-----+--------+
         Total |   2485 |   2453 |     32 |      0 |   2247 |   3 |  828.3 |
       Dungeon |   2485 |   2453 |     32 |      0 |   2247 |   3 |  828.3 |
               +--------+--------+--------+--------+--------+-----+--------+

Top non-repeatable levels by time:
     D:2: 1300 daAuts
     D:1: 973 daAuts
     D:3: 211 daAuts
